 Dungeon Crawl Stone Soup version 0.18-a0-917-g8a3da5b (webtiles) character file.

30 filipzpl the Insei (level 3, 0/26 HPs)
             Began as a Merfolk Transmuter on Dec 26, 2015.
             Slain by a goblin
             ... wielding a +0 club
             ... led by Robin
              (3 damage)
             ... on level 2 of the Dungeon.
             The game lasted 00:05:15 (1587 turns).

filipzpl the Insei (Merfolk Transmuter)             Turns: 1587, Time: 00:05:16

Health: 0/26       AC:  4    Str: 10    XL:     3   Next: 18%
Magic:  6/6        EV: 12    Int: 16    God:
Gold:   75         SH:  0    Dex: 14    Spells: 1 memorised, 5 levels left

rFire  . . .     SeeInvis .       - Unarmed
rCold  . . .     Gourm    .     p - +0 leather armour
rNeg   . . .     Faith    .     (no shield)
rPois  .         Spirit   .     (no helmet)
rElec  .         Dismiss  .     (no cloak)
rCorr  .         Reflect  .     (no gloves)
SustAt .         Harm     +     n - +0 pair of boots
MR     .....                    l - amulet of harm
Stlth  +.........               (no ring)
                                j - +3 ring of intelligence

@: not resistant to hostile enchantments, very unstealthy
A: change form in water, swift swim
a: no special abilities


You were on level 2 of the Dungeon.
You were not hungry.

You visited 1 branch of the dungeon, and saw 2 of its levels.

You collected 75 gold pieces.

Inventory:

Missiles
 a - 28 arrows
Armour
 n - a +0 pair of boots (worn)
 p - a +0 leather armour (worn)
Jewellery
 j - a +3 ring of intelligence (left hand)
 l - an amulet of harm (around neck)
Scrolls
 g - 2 scrolls of identify
 m - a scroll of teleportation
Potions
 e - a potion of resistance {unknown}
 f - a potion of beneficial mutation {unknown}
 i - a potion of flight {unknown}
Books
 c - a book of Changes

   Spells                             Type                      Level
   a - Beastly Appendage              Transmutation                1
   b - Sticks to Snakes               Transmutation                2
   c - Spider Form                    Transmutation/Poison         3
   d - Ice Form                       Ice/Transmutation            4
   e - Blade Hands                    Transmutation                5
Comestibles
 d - 2 bread rations
 k - 2 beef jerkies
 q - a chunk of flesh


   Skills:
 - Level 1.1 Fighting
 - Level 2.6 Dodging
 - Level 4.4 Unarmed Combat
 - Level 2.0 Spellcasting
 + Level 3.1 Transmutations


You had 5 spell levels left.
You knew the following spells:

 Your Spells              Type           Power        Failure   Level  Hunger
a - Beastly Appendage     Trmt           ##....       10%         1    #......


Dungeon Overview and Level Annotations

Branches:
Dungeon (2/15)

Altars:

Annotations:
D:2 Robin


Message History

You closely miss the goblin.
Robin roars a battlecry!
The goblin goes into a battle-frenzy!
The goblin closely misses you. The goblin hits you with a dagger.
You hit the goblin.
You kill the goblin!
Your Transmutations skill increases to level 3!
The goblin hits you but does no damage.
You closely miss the goblin.
The goblin is severely wounded.
Robin throws the goblin at you! The goblin hits you but does no damage.
You hit the goblin.
You kill the goblin!
The goblin hits you but does no damage.
You barely miss the goblin. The goblin misses you.
The goblin hits you with a club.
* * * LOW HITPOINT WARNING * * *
You barely miss the goblin. The goblin hits you but does no damage.
The goblin hits you with a club.
You die...

#.#####..# #.##
#.##[..g.# #.#.
#.##.###.###.#. #.##g#
#....g.. #.##.# #####g..
#.#####.##.#### ##..#
#.............# #....
##.#.?####.##.##.# #g..#
.>....g@gg.##.#...##...#
##.#..###g.....=...g...#
#. #..##.#...##.### #
#..##.##.# #.#
...##.##.# #.# ##.## .##
# #.# ... #.. ..# #. ...
... ### #.# #.# ###


You could see Robin and 3 goblins.

Vanquished Creatures
  A giant cockroach (D:1)
  9 goblins
  4 hobgoblins
  2 jackals (D:1)
  A quokka (D:2)
  2 bats
  3 giant newts
  A kobold (D:2)
  6 rats
29 creatures vanquished.

Notes
Turn   | Place    | Note
--------------------------------------------------------------
     0 | D:1      | filipzpl the Merfolk Transmuter began the quest for the Orb.
     0 | D:1      | Reached XP level 1. HP: 15/15 MP: 3/3
   510 | D:1      | Reached XP level 2. HP: 21/21 MP: 5/5
   652 | D:1      | Reached skill level 4 in Unarmed Combat
  1536 | D:2      | Noticed Robin
  1564 | D:2      | Reached XP level 3. HP: 21/26 MP: 6/6
  1587 | D:2      | Slain by a goblin

Vault maps used:
D:1:      tarquinn_simple_flora_water_b, serial_glass, glass_columns_c,
          glass_columns_b, minmay_liquid_box
D:2:      lemuel_zombie_altar_yredelemnul, uniq_iyjb, uniq_sigmund, uniq_robin

Action                   || total
-------------------------++-------
Melee: Unarmed           ||    73
 Cast: Beastly Appendage ||     3
  Use: Scroll            ||     5
 Stab: Sleeping          ||     4
  Eat: Chunk             ||     2
